[ PARTIDA AOE2 · #476936717 ]
UnrankedMongoles vs Khitans
[ ANÁLISIS DE REPETICIÓN · EXTRAÍDO DE LA PARTIDA GRABADA ]
Feudal
8:23
Castillos
25:48
Imperial
—
| APM promedio | 41.5 |
| APM pico | 74 |
| eAPM promedio | 16.7 |
| Aldeanos / militares | 91 / 69 |
Foco
⚔️ 33.5% · 🌾 66.5%
Skirmisher ×38 · Mangudai ×20 · Knight ×4 · Scout Cavalry ×4 · Spearman ×2 · Archer ×1
Feudal
7:54
Castillos
33:59
Imperial
—
| APM promedio | 45.6 |
| APM pico | 77 |
| eAPM promedio | 19.5 |
| Aldeanos / militares | 68 / 4 |
Foco
⚔️ 39.6% · 🌾 60.4%
Unknown (2550) ×104 · Kamayuk ×2 · Spearman ×2
Feudal
9:43
Castillos
33:21
Imperial
—
| APM promedio | 46.5 |
| APM pico | 78 |
| eAPM promedio | 19.5 |
| Aldeanos / militares | 118 / 41 |
Foco
⚔️ 29.9% · 🌾 70.1%
Scout Cavalry ×23 · Steppe Lancer ×10 · Battering Ram ×8
Feudal
10:20
Castillos
24:31
Imperial
37:22
| APM promedio | 60.7 |
| APM pico | 84 |
| eAPM promedio | 23.8 |
| Aldeanos / militares | 73 / 98 |
Foco
⚔️ 28.7% · 🌾 71.3%
Archer ×62 · Skirmisher ×24 · Spearman ×6 · Trebuchet (Packed) ×4 · Mangonel ×2
Mapa de la partida
Recursos iniciales + cada clic de construcción. Líneas = muros · curvas = relieve. ◆ oro · ⬟ piedra · ● bayas · ✦ reliquia · ◌ hueco del cierre
Tu base· Abierta — hueco de 7t
Base de gengis khant· Abierta — hueco de 14t
Base de _Avicii_32· Abierta — hueco de 7t
Base de TheRe@l_Milo· Abierta — hueco de 7t
Terreno inicial suavizado · ◌ = hueco del cierre detectado · pasá el cursor para detalles
Inputs por minuto
— papayoint - - gengis khant
Build order — papayoint
Primeras 150 de 241 acciones detectadas
| 0:07 | Construir | Town Center |
| 1:09 | Crear | Villager (Male) |
| 1:09 | Crear | Villager (Male) |
| 1:10 | Crear | Villager (Male) |
| 1:20 | Crear | Villager (Male) |
| 1:59 | Construir | Lumber Camp |
| 2:00 | Crear | Villager (Male) |
| 2:00 | Crear | Villager (Male) |
| 2:00 | Crear | Villager (Male) |
| 2:47 | Crear | Villager (Male) |
| 2:47 | Crear | Villager (Male) |
| 3:20 | Construir | House |
| 3:33 | Crear | Villager (Male) |
| 4:33 | Crear | Villager (Male) |
| 4:34 | Crear | Villager (Male) |
| 4:34 | Crear | Villager (Male) |
| 4:40 | Crear | Villager (Male) |
| 4:40 | Crear | Villager (Male) |
| 5:04 | Construir | Mill |
| 5:19 | Construir | Mill |
| 5:20 | Crear | Villager (Male) |
| 5:33 | Investigar | Loom |
| 6:13 | Investigar | Feudal Age |
| 7:26 | Construir | Barracks |
| 8:23 | Edad | Edad Feudal |
| 8:32 | Construir | Stable |
| 8:45 | Crear | Villager (Male) |
| 8:45 | Crear | Villager (Male) |
| 8:45 | Crear | Villager (Male) |
| 8:57 | Investigar | Double-Bit Axe |
| 9:13 | Crear | Scout Cavalry |
| 9:13 | Crear | Scout Cavalry |
| 9:14 | Crear | Scout Cavalry |
| 9:15 | Crear | Scout Cavalry |
| 9:25 | Crear | Spearman |
| 9:25 | Crear | Spearman |
| 9:47 | Construir | House |
| 9:49 | Crear | Villager (Male) |
| 10:19 | Construir | House |
| 10:22 | Construir | House |
| 10:23 | Crear | Villager (Male) |
| 11:03 | Crear | Villager (Male) |
| 11:03 | Crear | Villager (Male) |
| 11:08 | Crear | Villager (Male) |
| 11:43 | Crear | Villager (Male) |
| 11:53 | Construir | Farm |
| 11:53 | Construir | Farm |
| 11:54 | Construir | Farm |
| 11:54 | Construir | Farm |
| 11:54 | Construir | Farm |
| 12:08 | Crear | Villager (Male) |
| 12:13 | Crear | Villager (Male) |
| 12:24 | Crear | Villager (Male) |
| 12:31 | Construir | House |
| 12:38 | Crear | Villager (Male) |
| 13:05 | Crear | Villager (Male) |
| 13:23 | Construir | Palisade Gate |
| 13:26 | Construir | House |
| 13:27 | Construir | Palisade Wall |
| 14:11 | Construir | Archery Range |
| 14:48 | Construir | Farm |
| 14:49 | Construir | Farm |
| 14:56 | Construir | Mining Camp |
| 15:06 | Crear | Skirmisher |
| 15:06 | Crear | Skirmisher |
| 15:06 | Crear | Skirmisher |
| 15:07 | Crear | Skirmisher |
| 15:14 | Crear | Villager (Male) |
| 15:15 | Crear | Villager (Male) |
| 15:15 | Crear | Villager (Male) |
| 16:06 | Crear | Villager (Male) |
| 16:08 | Crear | Villager (Male) |
| 16:11 | Crear | Villager (Male) |
| 16:39 | Crear | Skirmisher |
| 16:41 | Crear | Skirmisher |
| 16:41 | Crear | Skirmisher |
| 16:43 | Crear | Villager (Male) |
| 16:48 | Construir | Farm |
| 16:49 | Construir | Farm |
| 16:49 | Construir | Farm |
| 16:49 | Construir | Farm |
| 16:50 | Construir | Farm |
| 17:11 | Crear | Skirmisher |
| 17:11 | Crear | Skirmisher |
| 17:17 | Construir | House |
| 18:01 | Construir | Palisade Wall |
| 18:03 | Construir | Palisade Wall |
| 18:10 | Construir | Palisade Wall |
| 18:23 | Crear | Skirmisher |
| 18:24 | Crear | Skirmisher |
| 18:40 | Construir | Mining Camp |
| 18:44 | Crear | Villager (Male) |
| 18:44 | Crear | Villager (Male) |
| 18:44 | Crear | Villager (Male) |
| 19:35 | Crear | Skirmisher |
| 19:35 | Crear | Skirmisher |
| 21:15 | Construir | Mining Camp |
| 21:32 | Construir | Lumber Camp |
| 21:50 | Construir | Farm |
| 21:58 | Construir | Blacksmith |
| 22:04 | Crear | Villager (Male) |
| 22:08 | Construir | House |
| 22:16 | Crear | Villager (Male) |
| 22:25 | Crear | Skirmisher |
| 22:27 | Crear | Skirmisher |
| 22:28 | Crear | Skirmisher |
| 22:28 | Crear | Skirmisher |
| 22:51 | Construir | Farm |
| 23:08 | Investigar | Castle Age |
| 23:57 | Construir | House |
| 24:04 | Crear | Skirmisher |
| 24:04 | Crear | Skirmisher |
| 24:05 | Crear | Skirmisher |
| 24:05 | Crear | Skirmisher |
| 24:17 | Investigar | Fletching |
| 24:25 | Construir | Farm |
| 25:10 | Crear | Villager (Male) |
| 25:10 | Crear | Villager (Male) |
| 25:20 | Construir | House |
| 25:35 | Crear | Skirmisher |
| 25:35 | Crear | Skirmisher |
| 25:35 | Crear | Skirmisher |
| 25:48 | Edad | Edad de los Castillos |
| 26:03 | Construir | Castle |
| 26:19 | Investigar | Elite Skirmisher (upgrade) |
| 27:27 | Crear | Villager (Male) |
| 27:27 | Crear | Villager (Male) |
| 27:28 | Crear | Villager (Male) |
| 27:28 | Crear | Villager (Male) |
| 27:28 | Crear | Villager (Male) |
| 27:28 | Crear | Villager (Male) |
| 27:41 | Crear | Villager (Male) |
| 27:42 | Crear | Villager (Male) |
| 27:54 | Construir | Market |
| 27:57 | Crear | Mangudai |
| 27:57 | Crear | Mangudai |
| 27:58 | Crear | Mangudai |
| 27:58 | Crear | Mangudai |
| 27:58 | Crear | Mangudai |
| 27:58 | Crear | Mangudai |
| 27:59 | Crear | Mangudai |
| 27:59 | Crear | Mangudai |
| 27:59 | Crear | Mangudai |
| 28:00 | Crear | Mangudai |
| 28:00 | Crear | Mangudai |
| 28:00 | Crear | Mangudai |
| 28:00 | Crear | Mangudai |
| 28:32 | Investigar | Horse Collar |
| 28:33 | Crear | Villager (Male) |
| 28:33 | Crear | Villager (Male) |
Build order — gengis khant
Primeras 150 de 205 acciones detectadas
| 0:03 | Construir | Town Center |
| 1:05 | Crear | Villager (Male) ×4 |
| 1:44 | Construir | Settlement |
| 1:51 | Crear | Villager (Male) |
| 2:19 | Crear | Villager (Male) |
| 2:54 | Crear | Villager (Male) |
| 2:55 | Crear | Villager (Male) |
| 2:55 | Crear | Villager (Male) |
| 4:19 | Crear | Villager (Male) |
| 4:49 | Crear | Villager (Male) |
| 5:16 | Investigar | Loom |
| 5:39 | Construir | Barracks |
| 5:44 | Investigar | Feudal Age |
| 6:43 | Crear | Unit 2550 |
| 7:30 | Crear | Villager (Male) |
| 7:32 | Crear | Unit 2550 |
| 7:43 | Construir | Settlement |
| 7:54 | Edad | Edad Feudal |
| 8:03 | Crear | Villager (Male) |
| 8:33 | Construir | Watch Tower |
| 8:40 | Crear | Villager (Male) |
| 9:18 | Construir | Watch Tower |
| 9:30 | Construir | Watch Tower |
| 9:36 | Crear | Villager (Male) |
| 9:45 | Construir | Farm |
| 9:58 | Construir | Palisade Wall |
| 9:59 | Construir | Palisade Wall |
| 10:07 | Construir | Palisade Wall |
| 10:11 | Construir | Palisade Wall |
| 10:18 | Crear | Villager (Male) |
| 10:36 | Crear | Villager (Male) |
| 10:59 | Crear | Villager (Male) |
| 11:04 | Crear | Villager (Male) |
| 11:27 | Investigar | Tech 1402 |
| 11:41 | Construir | Watch Tower |
| 11:45 | Crear | Villager (Male) |
| 12:03 | Crear | Villager (Male) |
| 12:06 | Crear | Villager (Male) |
| 12:35 | Construir | Settlement |
| 13:21 | Crear | Villager (Male) |
| 14:06 | Crear | Villager (Male) |
| 14:13 | Crear | Unit 2550 ×3 |
| 14:15 | Construir | Blacksmith |
| 14:36 | Crear | Villager (Male) |
| 14:49 | Construir | House |
| 14:53 | Construir | House |
| 14:56 | Construir | Palisade Wall |
| 15:04 | Crear | Villager (Male) |
| 15:08 | Crear | Unit 2550 |
| 15:29 | Crear | Villager (Male) |
| 16:05 | Crear | Villager (Male) |
| 16:30 | Construir | Watch Tower |
| 16:35 | Crear | Villager (Male) |
| 16:38 | Investigar | Horse Collar |
| 16:40 | Crear | Unit 2550 |
| 16:43 | Construir | Farm |
| 16:44 | Construir | Farm |
| 16:45 | Construir | Farm |
| 16:48 | Construir | Farm |
| 16:50 | Construir | Farm |
| 16:51 | Construir | Farm |
| 17:12 | Crear | Villager (Male) |
| 17:19 | Construir | Watch Tower |
| 17:29 | Construir | Barracks |
| 17:33 | Crear | Villager (Male) |
| 17:48 | Crear | Villager (Male) |
| 18:21 | Investigar | Double-Bit Axe |
| 18:34 | Construir | Watch Tower |
| 18:38 | Crear | Villager (Male) |
| 18:43 | Investigar | Wheelbarrow |
| 18:46 | Crear | Unit 2550 |
| 19:03 | Crear | Unit 2550 |
| 19:05 | Crear | Villager (Male) |
| 19:24 | Crear | Unit 2550 |
| 19:35 | Crear | Unit 2550 |
| 19:36 | Crear | Unit 2550 |
| 19:57 | Construir | Watch Tower |
| 20:00 | Investigar | Fletching |
| 20:11 | Construir | Farm |
| 20:21 | Crear | Villager (Male) |
| 20:21 | Crear | Villager (Male) |
| 20:38 | Crear | Unit 2550 |
| 20:53 | Crear | Unit 2550 |
| 21:15 | Crear | Villager (Male) |
| 21:16 | Crear | Unit 2550 |
| 21:28 | Crear | Unit 2550 |
| 21:48 | Investigar | Scale Mail Armor |
| 21:52 | Construir | Farm |
| 21:53 | Construir | Farm |
| 21:54 | Construir | Farm |
| 22:15 | Crear | Unit 2550 |
| 22:15 | Crear | Unit 2550 |
| 22:16 | Crear | Villager (Male) |
| 22:37 | Crear | Villager (Male) |
| 22:39 | Construir | Farm |
| 22:40 | Construir | Farm |
| 22:47 | Construir | Watch Tower |
| 22:57 | Crear | Villager (Male) |
| 23:11 | Construir | House |
| 23:19 | Crear | Villager (Male) |
| 23:33 | Crear | Unit 2550 |
| 23:34 | Crear | Unit 2550 |
| 23:44 | Construir | Farm |
| 23:54 | Crear | Villager (Male) |
| 24:23 | Crear | Villager (Male) |
| 24:38 | Crear | Villager (Male) |
| 24:46 | Crear | Villager (Male) |
| 25:05 | Construir | Watch Tower |
| 25:16 | Construir | Watch Tower |
| 25:33 | Construir | Farm |
| 25:34 | Construir | Farm |
| 25:44 | Crear | Villager (Male) |
| 26:22 | Construir | Watch Tower |
| 26:42 | Crear | Villager (Male) |
| 26:48 | Construir | Palisade Wall |
| 27:15 | Construir | Settlement |
| 27:23 | Crear | Villager (Male) |
| 27:48 | Construir | Farm |
| 27:49 | Construir | Farm |
| 27:52 | Crear | Villager (Male) |
| 28:19 | Crear | Villager (Male) |
| 28:38 | Construir | Farm |
| 28:40 | Construir | Farm |
| 28:44 | Construir | Farm |
| 28:45 | Crear | Villager (Male) |
| 29:47 | Crear | Villager (Male) |
| 30:00 | Crear | Spearman |
| 30:01 | Crear | Spearman |
| 30:18 | Crear | Villager (Male) |
| 30:23 | Construir | Market |
| 30:45 | Crear | Villager (Male) |
| 31:19 | Investigar | Castle Age |
| 31:40 | Construir | Watch Tower |
| 32:06 | Construir | Settlement |
| 32:10 | Construir | Barracks |
| 32:23 | Investigar | Gold Mining |
| 32:44 | Crear | Unit 2550 ×3 |
| 32:44 | Crear | Unit 2550 ×3 |
| 32:50 | Construir | Settlement |
| 33:00 | Investigar | Stone Mining |
| 33:05 | Investigar | Arson |
| 33:08 | Crear | Unit 2550 |
| 33:43 | Construir | Barracks |
| 33:49 | Crear | Unit 2550 |
| 33:49 | Crear | Unit 2550 |
| 33:59 | Edad | Edad de los Castillos |
| 34:09 | Investigar | Squires |
| 34:09 | Investigar | Tech 1351 |
| 34:11 | Investigar | Chain Mail Armor |
| 34:13 | Investigar | Bow Saw |
Build order — _Avicii_32
Primeras 150 de 236 acciones detectadas
| 0:44 | Construir | Town Center |
| 1:53 | Crear | Villager (Male) |
| 1:53 | Crear | Villager (Male) |
| 1:59 | Crear | Villager (Male) |
| 1:59 | Crear | Villager (Male) |
| 2:40 | Crear | Villager (Male) |
| 3:23 | Crear | Villager (Male) |
| 3:33 | Construir | Lumber Camp |
| 3:45 | Crear | Villager (Male) |
| 3:47 | Crear | Villager (Male) |
| 4:00 | Crear | Villager (Male) |
| 5:00 | Crear | Villager (Male) |
| 5:20 | Crear | Villager (Male) |
| 5:21 | Crear | Villager (Male) |
| 5:22 | Crear | Villager (Male) |
| 5:22 | Crear | Villager (Male) |
| 6:02 | Construir | Mill |
| 7:08 | Investigar | Loom |
| 7:33 | Investigar | Feudal Age |
| 8:32 | Construir | Barracks |
| 9:07 | Crear | Villager (Male) |
| 9:43 | Edad | Edad Feudal |
| 9:46 | Crear | Villager (Male) |
| 9:51 | Construir | Stable |
| 10:27 | Crear | Villager (Male) |
| 10:28 | Crear | Villager (Male) |
| 10:34 | Crear | Villager (Male) |
| 10:43 | Crear | Villager (Male) |
| 10:54 | Crear | Villager (Male) |
| 10:56 | Crear | Scout Cavalry |
| 10:56 | Crear | Scout Cavalry |
| 10:56 | Crear | Scout Cavalry |
| 11:00 | Construir | House |
| 11:04 | Construir | House |
| 11:06 | Crear | Villager (Male) |
| 11:59 | Crear | Scout Cavalry |
| 12:00 | Crear | Scout Cavalry |
| 13:08 | Crear | Villager (Male) |
| 13:25 | Crear | Villager (Male) |
| 13:25 | Crear | Villager (Male) |
| 13:31 | Crear | Villager (Male) |
| 14:04 | Crear | Villager (Male) |
| 14:04 | Crear | Villager (Male) |
| 14:18 | Crear | Scout Cavalry |
| 14:19 | Crear | Scout Cavalry |
| 14:24 | Crear | Villager (Male) |
| 14:24 | Crear | Villager (Male) |
| 14:57 | Crear | Villager (Male) |
| 15:26 | Crear | Villager (Male) |
| 15:43 | Crear | Villager (Male) |
| 15:53 | Construir | Pasture |
| 15:55 | Construir | Pasture |
| 15:57 | Crear | Villager (Male) |
| 16:25 | Crear | Villager (Male) |
| 16:51 | Construir | Pasture |
| 16:51 | Crear | Villager (Male) |
| 16:52 | Crear | Villager (Male) |
| 16:52 | Crear | Villager (Male) |
| 17:00 | Crear | Villager (Male) |
| 17:00 | Crear | Villager (Male) |
| 17:26 | Construir | Mill |
| 17:27 | Crear | Villager (Male) |
| 17:39 | Construir | Watch Tower |
| 17:48 | Construir | Palisade Wall |
| 17:50 | Construir | Palisade Wall |
| 17:52 | Construir | Palisade Wall |
| 17:55 | Construir | Palisade Wall |
| 17:57 | Construir | Palisade Wall |
| 18:04 | Construir | Palisade Wall |
| 18:08 | Crear | Villager (Male) |
| 18:28 | Crear | Villager (Male) |
| 18:29 | Crear | Villager (Male) |
| 18:42 | Crear | Scout Cavalry |
| 18:43 | Crear | Scout Cavalry |
| 18:43 | Crear | Scout Cavalry |
| 19:11 | Crear | Villager (Male) |
| 19:11 | Crear | Villager (Male) |
| 19:19 | Crear | Villager (Male) |
| 19:20 | Crear | Villager (Male) |
| 19:29 | Construir | House |
| 20:00 | Crear | Scout Cavalry |
| 20:14 | Crear | Villager (Male) |
| 20:14 | Crear | Villager (Male) |
| 20:27 | Crear | Scout Cavalry |
| 20:49 | Construir | Lumber Camp |
| 21:27 | Crear | Villager (Male) |
| 21:31 | Crear | Scout Cavalry |
| 21:33 | Construir | House |
| 22:05 | Crear | Scout Cavalry |
| 22:24 | Crear | Villager (Male) |
| 22:34 | Crear | Scout Cavalry |
| 22:35 | Crear | Villager (Male) |
| 23:00 | Crear | Villager (Male) |
| 23:11 | Crear | Villager (Male) |
| 23:12 | Crear | Villager (Male) |
| 23:19 | Construir | Mill |
| 23:26 | Crear | Scout Cavalry |
| 23:42 | Investigar | Double-Bit Axe |
| 23:42 | Investigar | Double-Bit Axe |
| 23:53 | Crear | Villager (Male) |
| 23:53 | Crear | Villager (Male) |
| 23:54 | Crear | Villager (Male) |
| 24:31 | Crear | Villager (Male) |
| 24:32 | Crear | Villager (Male) |
| 24:32 | Crear | Villager (Male) |
| 24:56 | Construir | Blacksmith |
| 24:58 | Construir | House |
| 25:14 | Crear | Villager (Male) |
| 25:27 | Crear | Villager (Male) |
| 25:27 | Crear | Villager (Male) |
| 25:28 | Crear | Villager (Male) |
| 25:48 | Crear | Scout Cavalry |
| 25:48 | Crear | Scout Cavalry |
| 25:48 | Crear | Scout Cavalry |
| 26:36 | Crear | Villager (Male) |
| 26:53 | Construir | Pasture |
| 26:58 | Crear | Scout Cavalry |
| 27:08 | Crear | Villager (Male) |
| 27:14 | Construir | Mining Camp |
| 27:46 | Crear | Villager (Male) |
| 27:51 | Construir | House |
| 27:51 | Construir | House |
| 27:52 | Construir | House |
| 27:52 | Construir | House |
| 27:52 | Construir | House |
| 27:58 | Investigar | Forging |
| 27:59 | Investigar | Scale Mail Armor |
| 28:00 | Crear | Villager (Male) |
| 28:11 | Construir | Mill |
| 28:20 | Crear | Villager (Male) |
| 28:20 | Crear | Villager (Male) |
| 29:21 | Crear | Villager (Male) |
| 29:23 | Construir | Market |
| 29:29 | Construir | Mill |
| 29:36 | Crear | Villager (Male) |
| 29:52 | Investigar | Scale Barding Armor |
| 30:16 | Crear | Villager (Male) |
| 30:37 | Investigar | Castle Age |
| 30:37 | Investigar | Castle Age |
| 31:03 | Investigar | Gold Mining |
| 31:04 | Investigar | Gold Mining |
| 31:26 | Construir | House |
| 31:34 | Construir | Pasture |
| 31:37 | Construir | Pasture |
| 31:41 | Investigar | Scale Barding Armor |
| 31:42 | Investigar | Scale Barding Armor |
| 31:46 | Crear | Scout Cavalry |
| 31:46 | Crear | Scout Cavalry |
| 31:46 | Crear | Scout Cavalry |
| 32:05 | Construir | Pasture |
Build order — TheRe@l_Milo
Primeras 150 de 292 acciones detectadas
| 0:39 | Construir | Town Center |
| 1:48 | Crear | Villager (Male) |
| 1:49 | Crear | Villager (Male) |
| 1:49 | Crear | Villager (Male) |
| 2:07 | Crear | Villager (Male) |
| 3:12 | Crear | Villager (Male) |
| 3:17 | Investigar | Loom |
| 3:41 | Crear | Villager (Male) |
| 3:41 | Crear | Villager (Male) |
| 3:41 | Crear | Villager (Male) |
| 4:07 | Crear | Villager (Male) |
| 4:07 | Crear | Villager (Male) |
| 4:35 | Construir | Mill |
| 5:21 | Crear | Villager (Male) |
| 5:39 | Construir | House |
| 5:40 | Construir | House |
| 5:47 | Crear | Villager (Male) |
| 5:47 | Crear | Villager (Male) |
| 5:50 | Construir | Lumber Camp |
| 6:10 | Crear | Villager (Male) |
| 6:10 | Crear | Villager (Male) |
| 7:06 | Crear | Villager (Male) |
| 7:06 | Crear | Villager (Male) |
| 8:10 | Investigar | Feudal Age |
| 8:31 | Construir | Mining Camp |
| 9:21 | Construir | Barracks |
| 9:35 | Construir | House |
| 10:08 | Construir | Palisade Wall |
| 10:10 | Construir | Palisade Wall |
| 10:19 | Construir | Palisade Wall |
| 10:20 | Construir | Palisade Wall |
| 10:20 | Edad | Edad Feudal |
| 10:20 | Construir | Palisade Wall |
| 10:30 | Construir | Palisade Wall |
| 10:37 | Crear | Villager (Male) |
| 10:39 | Crear | Spearman |
| 10:39 | Crear | Spearman |
| 10:42 | Construir | Archery Range |
| 10:51 | Crear | Spearman |
| 11:16 | Crear | Villager (Male) |
| 11:17 | Crear | Villager (Male) |
| 11:23 | Crear | Spearman |
| 11:24 | Crear | Archer |
| 11:25 | Crear | Archer |
| 11:25 | Crear | Archer |
| 11:50 | Construir | House |
| 11:55 | Investigar | Double-Bit Axe |
| 11:58 | Crear | Villager (Male) |
| 12:08 | Crear | Archer |
| 12:08 | Crear | Archer |
| 12:35 | Construir | Archery Range |
| 12:55 | Crear | Spearman |
| 12:59 | Investigar | Wheelbarrow |
| 13:04 | Construir | Mill |
| 13:07 | Crear | Spearman |
| 13:38 | Construir | Farm |
| 13:41 | Construir | Farm |
| 13:44 | Crear | Villager (Male) |
| 13:53 | Crear | Archer |
| 13:54 | Crear | Archer |
| 14:29 | Crear | Villager (Male) |
| 14:39 | Construir | Blacksmith |
| 14:59 | Crear | Villager (Male) |
| 15:09 | Crear | Archer |
| 15:13 | Crear | Archer |
| 15:31 | Crear | Villager (Male) |
| 15:42 | Crear | Villager (Male) |
| 15:46 | Construir | Farm |
| 15:46 | Construir | Farm |
| 15:47 | Construir | Farm |
| 16:02 | Construir | House |
| 16:04 | Construir | House |
| 16:33 | Investigar | Fletching |
| 16:33 | Investigar | Fletching |
| 17:23 | Investigar | Padded Archer Armor |
| 17:25 | Crear | Villager (Male) |
| 17:28 | Construir | Farm |
| 17:29 | Construir | Farm |
| 17:31 | Construir | Farm |
| 17:33 | Construir | Farm |
| 17:34 | Construir | Farm |
| 17:53 | Crear | Archer |
| 17:53 | Crear | Archer |
| 17:53 | Crear | Archer |
| 18:46 | Crear | Archer |
| 18:46 | Crear | Archer |
| 18:46 | Crear | Archer |
| 18:47 | Crear | Archer |
| 18:53 | Construir | House |
| 18:53 | Crear | Villager (Male) |
| 19:25 | Crear | Villager (Male) |
| 19:34 | Crear | Villager (Male) |
| 19:51 | Construir | Lumber Camp |
| 19:56 | Construir | Farm |
| 19:58 | Construir | Farm |
| 20:10 | Construir | Watch Tower |
| 20:29 | Crear | Villager (Male) |
| 20:32 | Construir | Farm |
| 20:36 | Construir | Farm |
| 20:40 | Crear | Archer |
| 20:40 | Crear | Archer |
| 20:40 | Crear | Archer |
| 21:26 | Crear | Villager (Male) |
| 21:49 | Investigar | Castle Age |
| 21:49 | Investigar | Castle Age |
| 21:52 | Crear | Archer |
| 21:52 | Crear | Archer |
| 22:37 | Crear | Archer |
| 22:38 | Crear | Archer |
| 22:38 | Crear | Archer |
| 23:28 | Crear | Archer |
| 23:28 | Crear | Archer |
| 23:29 | Crear | Archer |
| 23:29 | Crear | Archer |
| 23:52 | Construir | House |
| 23:53 | Construir | House |
| 24:31 | Edad | Edad de los Castillos |
| 24:36 | Investigar | Crossbowman (upgrade) |
| 24:37 | Investigar | Crossbowman (upgrade) |
| 24:38 | Investigar | Bodkin Arrow |
| 24:40 | Crear | Villager (Male) |
| 25:05 | Investigar | Leather Archer Armor |
| 25:05 | Investigar | Leather Archer Armor |
| 25:11 | Crear | Villager (Male) |
| 25:29 | Crear | Villager (Male) |
| 25:34 | Construir | Town Center |
| 25:38 | Investigar | Bow Saw |
| 25:40 | Crear | Villager (Male) |
| 25:47 | Investigar | Town Watch |
| 25:47 | Investigar | Town Watch |
| 26:37 | Crear | Archer |
| 26:37 | Crear | Archer |
| 26:38 | Crear | Archer |
| 26:38 | Crear | Archer |
| 26:39 | Crear | Archer |
| 26:43 | Crear | Archer |
| 26:43 | Crear | Archer |
| 26:43 | Crear | Archer |
| 26:45 | Crear | Villager (Male) |
| 27:35 | Crear | Villager (Male) |
| 27:39 | Crear | Villager (Male) |
| 27:52 | Crear | Archer |
| 27:52 | Crear | Archer |
| 27:52 | Crear | Archer |
| 28:11 | Investigar | Hand Cart |
| 28:11 | Investigar | Hand Cart |
| 28:18 | Construir | Archery Range |
| 28:26 | Crear | Archer |
| 28:35 | Crear | Villager (Male) |
| 28:52 | Crear | Villager (Male) |
Cronología de la partida
| 5:39 | gengis khant · first_building Barracks |
| 7:26 | papayoint · first_building Barracks |
| 7:54 | gengis khant · age_up feudal |
| 8:23 | papayoint · age_up feudal |
| 8:32 | papayoint · first_building Stable |
| 8:32 | _Avicii_32 · first_building Barracks |
| 9:21 | TheRe@l_Milo · first_building Barracks |
| 9:43 | _Avicii_32 · age_up feudal |
| 9:51 | _Avicii_32 · first_building Stable |
| 9:58 | gengis khant · wall_segment Palisade Wall x1 |
| 9:59 | gengis khant · wall_segment Palisade Wall x1 |
| 10:07 | gengis khant · wall_segment Palisade Wall x1 |
| 10:08 | TheRe@l_Milo · wall_segment Palisade Wall x1 |
| 10:10 | TheRe@l_Milo · wall_segment Palisade Wall x1 |
| 10:11 | gengis khant · wall_segment Palisade Wall x1 |
| 10:19 | TheRe@l_Milo · wall_segment Palisade Wall x1 |
| 10:20 | TheRe@l_Milo · wall_segment Palisade Wall x1 |
| 10:20 | TheRe@l_Milo · age_up feudal |
| 10:20 | TheRe@l_Milo · wall_segment Palisade Wall x1 |
| 10:30 | TheRe@l_Milo · wall_segment Palisade Wall x2 |
| 10:42 | TheRe@l_Milo · first_building Archery Range |
| 13:27 | papayoint · wall_segment Palisade Wall x1 |
| 14:11 | papayoint · first_building Archery Range |
| 14:56 | gengis khant · wall_segment Palisade Wall x1 |
| 17:48 | _Avicii_32 · wall_segment Palisade Wall x1 |
| 17:50 | _Avicii_32 · wall_segment Palisade Wall x1 |
| 17:52 | _Avicii_32 · wall_segment Palisade Wall x1 |
| 17:55 | _Avicii_32 · wall_segment Palisade Wall x1 |
| 17:57 | _Avicii_32 · wall_segment Palisade Wall x1 |
| 18:01 | papayoint · wall_segment Palisade Wall x1 |
| 18:03 | papayoint · wall_segment Palisade Wall x1 |
| 18:04 | _Avicii_32 · wall_segment Palisade Wall x1 |
| 18:10 | papayoint · wall_segment Palisade Wall x1 |
| 24:31 | TheRe@l_Milo · age_up castle |
| 25:48 | papayoint · age_up castle |
| 26:03 | papayoint · first_building Castle |
| 26:48 | gengis khant · wall_segment Palisade Wall x1 |
| 30:35 | _Avicii_32 · first_market_sell 100 food |
| 32:44 | TheRe@l_Milo · first_building Siege Workshop |
| 32:45 | gengis khant · first_market_sell 100 food |
| 33:21 | _Avicii_32 · age_up castle |
| 33:27 | _Avicii_32 · first_building Siege Workshop |
| 33:59 | gengis khant · age_up castle |
| 34:09 | TheRe@l_Milo · first_building Castle |
| 35:01 | _Avicii_32 · first_market_buy 100 stone |
| 37:22 | TheRe@l_Milo · age_up imperial |
| 38:05 | _Avicii_32 · wall_segment Palisade Wall x1 |
| 40:06 | gengis khant · first_building Castle |
| 43:07 | gengis khant · resign |
[ ANÁLISIS IA · 1 CRÉDITO ]
¿Qué pasó realmente en esta partida?
Wolo.gg analiza cada decisión: build order, eco, micro, errores típicos por bracket. Análisis personalizado por WhatsApp o Discord en 30 segundos.
Guía civ
Mongoles
Perfil
Jugador #4292980